 Dungeon Crawl Stone Soup version 0.30.0 (webtiles) character file.

Game seed: 7519390848472429436

725 Dazed the Cleaver (level 7, -1/59 HPs)
             Began as a Minotaur Berserker on Dec 6, 2023.
             Was a Priest of Trog.
             Succumbed to a gnoll's poison
             ... on level 4 of the Dungeon.
             The game lasted 00:20:17 (3745 turns).

Dazed the Cleaver (Minotaur Berserker)              Turns: 3745, Time: 00:20:17

Health: -1/59      AC:  9    Str: 24    XL:     7   Next: 43%
Magic:  6/6        EV: 10    Int:  4    God:    Trog [***...]
Gold:   162        SH:  0    Dex:  9    Spells: 6/6 levels left

rFire   . . .        B - +3 hand axe
rCold   . . .        (no shield)
rNeg    . . .        G - +0 scale mail
rPois   .            (helmet restricted)
rElec   .            r - +0 cloak
rCorr   .            A - +0 pair of gloves
SInv    .            (no boots)
Will    .....        (no amulet) Stlth
                     (no ring)
HPRegen 0.29/turn    (no ring)
MPRegen 0.10/turn

%: no passive effects
@: lethally poisoned (-1 -> -32), on berserk cooldown, slowed, very slow
A: horns 2, retaliatory headbutt
a: Renounce Religion, Berserk, Trog's Hand


You were on level 4 of the Dungeon.
You worshipped Trog.
Trog was most pleased with you.
You visited 1 branch of the dungeon, and saw 5 of its levels.

You collected 162 gold pieces.

Inventory:

Hand Weapons
 a - a +0 hand axe
 m - a +0 sling
 B - a +3 hand axe (weapon)
Missiles
 k - 14 poisoned darts (quivered)
 n - 56 stones
 q - 9 curare-tipped darts
Armour
 b - a +0 animal skin
 r - a +0 cloak (worn)
 y - a +0 ring mail
 A - a +0 pair of gloves (worn)
 G - a +0 scale mail (worn)
Wands
 u - a wand of quicksilver (4)
 x - a wand of flame (43)
Scrolls
 c - 3 scrolls of vulnerability {unknown}
 e - a scroll of magic mapping {unknown}
 g - a scroll of noise {unknown}
 h - 2 scrolls of enchant weapon {unknown}
 l - a scroll of fear {unknown}
 o - 2 scrolls of poison {unknown}
 z - a scroll of immolation {unknown}
 D - a scroll of fog {unknown}
 E - a scroll of identify {unknown}
 F - a scroll of enchant armour {unknown}
 H - a scroll of brand weapon {unknown}
Potions
 d - a potion of invisibility {unknown}
 f - a potion of magic {unknown}
 i - a potion of resistance {unknown}
 j - 2 potions of heal wounds {unknown}
 p - 2 potions of mutation {unknown}
 s - a potion of might {unknown}
 t - 2 potions of brilliance {unknown}
 v - a potion of degeneration {unknown}
 w - a potion of curing {unknown}
 C - 2 potions of berserk rage {unknown}


   Skills:
 - Level 4.2 Fighting
 * Level 10.0 Axes
 - Level 3.0 Armour
 - Level 2.5 Dodging


You had 6 spell levels left.
You didn't know any spells.
Your spell library contained the following spells:

 Spells                   Type           Power      Damage    Failure   Level
 Freeze                   Ice            0%         1d3       80%         1
 Frozen Ramparts          Ice            0%         1d1       99%         3
 Hailstorm                Conj/Ice       0%         3d3       99%         3
 Summon Guardian Golem    Hex/Summ       0%         N/A       99%         3
 Orb of Destruction       Conj           0%         9d5       100%        7
 Spellforged Servitor     Conj/Summ      0%         N/A       100%        7


Dungeon Overview and Level Annotations

Branches:
Dungeon (5/15)
 Temple: D:4-7

Altars:
Cheibriados
Elyvilon
Uskayaw

Shops:
D:4 :

Annotations:
D:5 Grinder, Sigmund


Innate Abilities, Weirdness & Mutations

You have a pair of horns on your head.
You reflexively headbutt those who attack you in melee.


Message History

You slash the gnoll!
You kill the gnoll!
Trog accepts your kill.
You hit the black bear.
You feel sick. The black bear closely misses you.
The black bear claws you but does no damage. x2
You slash the black bear! You punch the black bear!
You kill the black bear!
Trog accepts your kill.
You feel sick.
Your Axes skill increases to level 10!
You feel sick.
You feel a strong urge to attack something.
You are no longer berserk.
You are exhausted.
You feel yourself slow down.
You feel sick.
The gnoll hits you with a +2 spear of venom.
You are more poisoned.
You see here a +0 club.
You slash the gnoll!
The gnoll is heavily wounded.
You feel very sick.
The gnoll hits you with a +2 spear of venom.
You barely miss the gnoll. Your headbutt misses the gnoll.
The gnoll is heavily wounded.
You feel very sick.
The gnoll hits you with a +2 spear of venom.
* * * LOW HITPOINT WARNING * * *
You are lethally poisoned!
You hit the gnoll.
The gnoll is almost dead.
* * * LOW HITPOINT WARNING * * *
You feel very sick. The gnoll hits you but does no damage.
You are more poisoned.
The gnoll hits you but does no damage.
You are more poisoned.
You barely miss the gnoll. You headbutt the gnoll.
You kill the gnoll!
Trog accepts your kill.
You die...

##### ############...# #######
##..............# #......
#####..##########...# #).....
......## ##.### #...... #######
##..# #...... ########
####.@###### #...... .......#
###.....)...<# ######.##
......)###.....>......# #....#...
.......##..#..........# #....#.#.
..........##..........###....#.#.
...........).................#.#.
###....########..######.#....#.#.
##..#### #...####..#........
....# #..................


There were no monsters in sight!

Vanquished Creatures
  A black bear (D:4)
  2 phantoms
  4 scorpions
  An orc priest (D:5)
  A jelly (D:4)
  An iguana (D:4)
  Natasha (D:1)
  2 gnolls (D:4)
  2 adders
  A shadow imp (D:4)
  An ufetubus (D:4)
  6 worms
  3 dart slugs
  11 orcs
  4 ball pythons
  5 bats
  5 endoplasms
  4 giant cockroaches
  6 hobgoblins
  6 jackals (D:1)
  3 quokkas
  12 frilled lizards
  4 goblins
  8 kobolds
  7 rats
101 creatures vanquished.

Notes
Turn   | Place    | Note
-------+----------+-------------------------------------------
     0 | D:1      | Dazed the Minotaur Berserker began the quest for the Orb.
     0 | D:1      | Reached XP level 1. HP: 19/19 MP: 0/0
   150 | D:1      | Reached XP level 2. HP: 20/27 MP: 1/1
   155 | D:1      | Reached skill level 4 in Axes
   327 | D:1      | Reached ** piety under Trog
   407 | D:1      | Reached XP level 3. HP: 31/33 MP: 2/2
  1004 | D:2      | Found a white marble altar of Elyvilon.
  1009 | D:2      | Noticed Natasha
  1290 | D:1      | Killed Natasha
  1291 | D:1      | Reached skill level 5 in Axes
  1291 | D:1      | Reached XP level 4. HP: 17/40 MP: 3/3
  2443 | D:3      | Found a faded altar of an unknown god.
  2598 | D:4      | Reached skill level 6 in Axes
  2598 | D:4      | Reached XP level 5. HP: 37/46 MP: 4/4
  2721 | D:4      | Found Necuw's Vocational Training.
  2755 | D:4      | Reached skill level 7 in Axes
  2755 | D:4      | Reached XP level 6. HP: 52/52 MP: 5/5
  2935 | D:4      | Found a snail-covered altar of Cheibriados.
  2952 | D:4      | Reached skill level 8 in Axes
  3017 | D:4      | Reached *** piety under Trog
  3055 | D:4      | You fall into a shaft and drop 1 floor!
  3055 | D:5      | Entered Level 5 of the Dungeon
  3066 | D:5      | Noticed a +0 short sword
  3067 | D:5      | Noticed a +0 spear
  3068 | D:5      | Noticed a +0 short sword
  3068 | D:5      | Noticed a +0 falchion
  3068 | D:5      | Noticed a +0 falchion
  3069 | D:5      | Noticed a +0 dagger
  3069 | D:5      | Noticed a +0 spear
  3070 | D:5      | Found a hide-covered altar of Uskayaw.
  3072 | D:5      | Noticed a +0 dagger
  3361 | D:5      | Reached skill level 9 in Axes
  3390 | D:5      | Reached XP level 7. HP: 59/59 MP: 6/6
  3537 | D:5      | Noticed Sigmund
  3581 | D:5      | Noticed Grinder
  3739 | D:4      | Reached skill level 10 in Axes
  3745 | D:4      | Succumbed to a gnoll's poison

Illustrated notes

Levels and vault maps discovered:
D:1:      grunt_arrival_crossed_arrows, layout_basic, grunt_decor_one_mirror,
          hangedman_decor_clover_reticule, minmay_lizard_pond
D:2:      layout_basic, basic_altar, uniq_natasha
D:3:      layout_rooms, nicolae_ecumenical_pavilion
D:4:      layout_rooms, kennysheep_slug_shrine, nicolae_shop_vocational
D:5:      layout_rooms, nicolae_uskayaw_en_pointe, uniq_sigmund, uniq_pikel,
          uniq_grinder

Skill      XL: |  1  2  3  4  5  6  7 |
---------------+----------------------+-----
Fighting       | 4 |  4.2
Axes           | 4 5 6 7 9 10 | 10.0
Armour         | 3 |  3.0
Dodging        | |  2.5

Action                     |  1- 3 |  4- 6 |  7- 9 || total
---------------------------+-------+-------+-------++-------
  Melee: Hand axe          |    86 |   122 |    20 ||   228
         Headbutt          |    13 |    26 |     5 ||    44
         Punch             |     1 |       |     1 ||     2
   Fire: Sling             |     1 |       |       ||     1
  Throw: Dart              |       |    13 |       ||    13
 Invoke: Berserk           |     2 |     2 |     1 ||     5
         Trog's Hand       |     1 |     2 |       ||     3
   Stab: Sleeping          |       |     1 |       ||     1
 Armour: Animal skin       |    17 |       |       ||    17
         Ring mail         |       |    19 |       ||    19
         Scale mail        |       |     9 |    16 ||    25
  Dodge: Dodged            |    61 |    59 |    13 ||   133
